 Dungeon Crawl Stone Soup version 0.31-a0-986-g5e6e4ef867 (webtiles) character file.

Game seed: 12986763719176748618

12 JumpingJurisdiction the Sneak (level 2, 11/11 HPs)
             Began as a Felid Fire Elementalist on Nov 12, 2023.
             Quit the game on level 4 of the Dungeon.
             The game lasted 00:09:40 (763 turns).

JumpingJurisdiction the Sneak (FeFE)                 Turns: 763, Time: 00:09:40

Health: 11/11      AC:  1    Str:  4    XL:     2   Next: 20%
Magic:  6/6        EV: 17    Int: 16    God:
Gold:   36         SH:  0    Dex: 16    Spells: 4/5 levels left
                                        Lives:  0   Deaths: 1

rFire   . . .        (weapon unavailable)
rCold   . . .        (shield unavailable)
rNeg    . . .        (body armour unavailable)
rPois   .            (helmet unavailable)
rElec   .            (cloak unavailable)
rCorr   .            (gloves unavailable)
SInv    +            (boots unavailable)
Will    .....        (no amulet)
Stlth   ++           (no ring)
HPRegen 0.21/turn    (no ring)
MPRegen 0.10/turn

%: no passive effects
@: quick
A: very small, claws 1, fangs 3, see invisible, speed 1, shaggy fur 1, stealthy
paws, no weapons or thrown items, no armour, multi-lived
a: no special abilities


You were on level 4 of the Dungeon.
You visited 1 branch of the dungeon, and saw 3 of its levels.

You collected 36 gold pieces.

Inventory:

Armour
 b - a +0 pair of boots
Scrolls
 d - a scroll of teleportation {unknown}
Potions
 a - a potion of magic
 c - a potion of lignification {unknown}
 e - 2 potions of curing {unknown}
 f - a potion of degeneration {unknown}


   Skills:
 + Level 3.0 Dodging
 + Level 3.0 Stealth
 + Level 2.1 Spellcasting
 + Level 1.1 Conjurations
 + Level 2.8 Fire Magic


You had 4 spell levels left.
You knew the following spells:

 Your Spells              Type           Power      Damage    Failure   Level
a - Foxfire               Conj/Fire      32%        2x1d5     9%          1

Your spell library contained the following spells:

 Spells                   Type           Power      Damage    Failure   Level
 Scorch                   Fire           20%        2d5       10%         2
 Inner Flame              Hex/Fire       6%         N/A       34%         3
 Volatile Blastmotes      Fire/Tloc      12%        2d11      34%         3
 Flame Wave               Conj/Fire      8%         2d5       65%         4


Dungeon Overview and Level Annotations

Branches:
Dungeon (4/15)
 Temple: D:4-7

Altars:


Innate Abilities, Weirdness & Mutations

You have sharp claws.
You have razor-sharp teeth.
You have supernaturally acute eyesight. (SInv)
You cover ground quickly. (Speed+)
You are covered in fur. (AC +1)
Your paws help you pounce on unaware monsters.
You are incapable of wielding weapons or throwing items.
You cannot wear armour.
You gain extra lives every three experience levels.


Message History

Nothing appears to happen.
Casting: Foxfire (safe; 9% risk of failure)
Confirm with . or Enter, or press ? or * to list all spells.
You conjure some foxfire!
The foxfire hits the endoplasm but does no damage.
The foxfire hits the endoplasm.
The endoplasm is moderately wounded.
Casting: Foxfire (safe; 9% risk of failure)
Confirm with . or Enter, or press ? or * to list all spells.
You conjure some foxfire!
Casting: Foxfire (safe; 9% risk of failure)
Confirm with . or Enter, or press ? or * to list all spells.
You conjure some foxfire!
The foxfire hits the endoplasm.
You kill the endoplasm!
Your magical contamination has completely faded away.
Your foxfire dissipates!
Your foxfire dissipates!
Your foxfire dissipates!
f - a brown potion You now have 23 gold pieces (gained 14).
You now have 36 gold pieces (gained 13).
There is a large open door here.
Magic restored.
Found a purple potion.
A hobgoblin comes into view.
Found a stone staircase leading down.
The hobgoblin shouts! 2 orc wizards come into view.
The orc wizard shouts! x2; You hear a shout!
The orc wizard casts a spell at you. The puff of flame hits you!
Ouch! That really hurt!
* * * LOW HITPOINT WARNING * * *
The hobgoblin hits you.
You die...
You rejoin the land of the living...
Found a purple potion.
An ogre comes into view. It is wielding a +0 giant club.
Char dumped successfully.
Are you sure you want to abandon this character and quit the game? (Confirm with "yes".)

#........#...##.###
#........#..)...#
#........#..#####
#........#.##
#........#.####
#........#....#
#........####.#
########## #.# #@#
#.# #.# ### #.# #.#
#.# # #.# ... #.#
##..!###.#
O........#


There were no monsters in sight!

Vanquished Creatures
  2 endoplasms
  A giant cockroach (D:1)
  3 goblins (D:1)
  A hobgoblin (D:1)
  A bat (D:1)
  A kobold (D:1)
  2 rats (D:1)
11 creatures vanquished.

Vanquished Creatures (others)
  17 foxfires
17 creatures vanquished.

Grand Total: 28 creatures vanquished

Notes
Turn   | Place    | Note
-------+----------+-------------------------------------------
     0 | D:1      | JumpingJurisdiction the Felid Fire Elementalist began the
                  | quest for the Orb.
     0 | D:1      | Reached XP level 1. HP: 7/7 MP: 4/4
   100 | D:1      | Reached skill level 1 in Conjurations
   331 | D:1      | Reached XP level 2. HP: 11/11 MP: 6/6
   564 | D:2      | You fall into a shaft and drop 2 floors!
   747 | D:4      | Slain by a hobgoblin
   754 | D:4      | Noticed an ogre
   763 | D:4      | Quit the game

Illustrated notes

Levels and vault maps discovered:
D:1:      mrwooster_arrival_statue, layout_loops_ring
D:2:      layout_rooms
D:4:      layout_loops_ring, chequers_temple_overflow_minitemple,
          gammafunk_temple_overflow_pools, kennysheep_generic_room_6

Skill      XL: |  1  2 |
---------------+-------+-----
Conjurations   | 1 |  1.1
Stealth        | 3 |  3.0
Dodging        | 3 |  3.0
Spellcasting   | |  2.1
Fire Magic     | |  2.8

Action                     || total
---------------------------++-------
  Melee: Unarmed           ||    23
         Bite              ||     2
   Cast: Foxfire           ||    10
   Stab: Sleeping          ||     1
 Armour: Skin              ||     9
  Dodge: Dodged            ||    15

Table legend: (Time is in decaauts)
 A = Elapsed time spent in this place.
 B = Non-inter-level travel time spent in this place.
 C = Inter-level travel time spent in this place.
 D = Time resting spent in this place.
 E = Time spent auto-exploring this place.
 F = Levels seen in this place.
 G = Mean time per level.
                   A        B        C        D        E       F      G
               +--------+--------+--------+--------+--------+-----+--------+
         Total |    628 |    197 |    431 |      0 |      0 |   3 |  209.3 |
       Dungeon |    628 |    197 |    431 |      0 |      0 |   3 |  209.3 |
               +--------+--------+--------+--------+--------+-----+--------+

Top non-repeatable levels by time:
     D:1: 394 daAuts
     D:4: 160 daAuts
     D:2: 73 daAuts
